 Dungeon Crawl Stone Soup version 0.30-a0-1160-g6e42c06551 (webtiles) character file.

Game seed: 17985604474061394285

123 halvedace the Covered (level 4, -3/41 HPs)
             Began as a Minotaur Fighter on Apr 25, 2023.
             Slain by a gnoll
             ... wielding a +0 halberd
              (9 damage)
             ... on level 3 of the Dungeon on Apr 26, 2023.
             The game lasted 00:06:51 (1555 turns).

halvedace the Covered (Minotaur Fighter)            Turns: 1555, Time: 00:06:52

Health: -3/41      AC:  7    Str: 22    XL:     4   Next: 80%
Magic:  3/3        EV:  9    Int:  5    God:
Gold:   100        SH:  9    Dex: 10    Spells: 3/3 levels left

rFire   . . .        i - +0 war axe (heavy)
rCold   . . .        c - +0 buckler
rNeg    . . .        b - +0 scale mail
rPois   .            (helmet restricted)
rElec   .            (no cloak)
rCorr   .            (no gloves)
SInv    .            (no boots)
Will    .....        e - amulet of reflection Stlth
                     (no ring)
HPRegen 0.26/turn    (no ring)
MPRegen 0.08/turn

%: reflection
@: mighty, about to teleport
A: horns 2, retaliatory headbutt
a: no special abilities


You were on level 3 of the Dungeon.
You visited 1 branch of the dungeon, and saw 3 of its levels.

You collected 100 gold pieces.

Inventory:

Hand Weapons
 a - a +0 war axe
 i - a +0 heavy war axe (weapon)
Missiles
 j - 12 stones (quivered)
Armour
 b - a +0 scale mail (worn)
 c - a +0 buckler (worn)
Jewellery
 e - an amulet of reflection (around neck)
Scrolls
 g - a scroll of teleportation
 h - a scroll of immolation
 l - a scroll of identify
Potions
 f - a potion of mutation
 k - 2 potions of curing {unknown}
 m - a potion of heal wounds {unknown}


   Skills:
 + Level 4.3 Fighting
 * Level 4.3 Axes
 + Level 4.4 Armour
 + Level 4.3 Shields


You had 3 spell levels left.
You didn't know any spells.
Your spell library contained the following spells:

 Spells                   Type           Power      Damage    Failure   Level
 Sting                    Tmut/Pois      0%         1d3       86%         1
 Poisonous Vapours        Pois/Air       0%         N/A       94%         2
 Olgreb's Toxic Radiance  Pois           0%         N/A       100%        4


Dungeon Overview and Level Annotations

Branches:
Dungeon (3/15)

Altars:
Ru


Innate Abilities, Weirdness & Mutations

You have a pair of horns on your head.
You reflexively headbutt those who attack you in melee.


Message History

You slash the gnoll! You headbutt the gnoll.
The gnoll is severely wounded.
You block the gnoll's attack.
The gnoll hits you from afar with a +0 halberd.
The gnoll hits you with a +0 whip. The gnoll hits you but does no damage.
You barely miss the gnoll. You headbutt the gnoll.
You kill the gnoll!
The gnoll hits you from afar with a +0 halberd!
* * * LOW HITPOINT WARNING * * *
You block the gnoll's attack. The goblin hits you but does no damage.
You barely miss the goblin. You headbutt the goblin.
The goblin is heavily wounded.
The goblin hits you with a +0 club.
* * * LOW HITPOINT WARNING * * *
The gnoll barely misses you. The gnoll hits you but does no damage.
The goblin hits you with a +0 club.
* * * LOW HITPOINT WARNING * * *
You closely miss the goblin.
The goblin is heavily wounded.
You block the goblin's attack. You block the gnoll's attack.
The goblin barely misses you. You furiously retaliate!
You headbutt the goblin.
You feel very mighty all of a sudden. The gnoll barely misses you.
The goblin hits you with a +0 club.
* * * LOW HITPOINT WARNING * * *
You slice the goblin!!
You kill the goblin!
You block the gnoll's attack. x2
You block the gnoll's attack.
Okay, then.
As you read the scroll of teleportation, it crumbles to dust.
You feel strangely unstable. The gnoll barely misses you.
The gnoll hits you from afar with a +0 halberd.
* * * LOW HITPOINT WARNING * * *
Your surroundings seem slightly different.
You start resting.
A gnoll is nearby!
As you read the scroll of teleportation, it crumbles to dust.
You feel strangely unstable.
The gnoll hits you from afar with a +0 halberd!
You die...

..## #.###..# ...## #......#
#..####..#..# ..... #
#.##....#..#
........##.#######....##...##
##..................######...##
##........ ####..g.#.## #....##
).....§..# ##.#..g.#####..#...
..§§.....## ##@###..)...)......
≈≈≈§§.....# ###..#
#.######!.#...
..§§≈§....###...## #.# #...#...
♣♣♣§≈......##.### #.# #.#.# ..
..♣§≈§...#.....# ### #. .# ##
_.♣.§...####.#..# #. .#
..♣.≈.#####..##.... .. .#
♣.♣.≈..>....## ##### ## g.
......####.## ..


You could see a gnoll.

Vanquished Creatures
  A gnoll (D:3)
  5 adders
  A worm (D:3)
  A dart slug (D:1)
  An orc (D:3)
  6 bats
  5 endoplasms
  4 giant cockroaches
  5 hobgoblins
  7 jackals (D:2)
  4 quokkas
  7 ball pythons
  4 goblins
  4 kobolds
  4 rats
59 creatures vanquished.

Notes
Turn   | Place    | Note
-------+----------+-------------------------------------------
     0 | D:1      | halvedace the Minotaur Fighter began the quest for the Orb.
     0 | D:1      | Reached XP level 1. HP: 19/19 MP: 0/0
    57 | D:1      | Reached XP level 2. HP: 27/27 MP: 1/1
   625 | D:1      | Reached XP level 3. HP: 33/33 MP: 2/2
   960 | D:2      | Found a faded altar of an unknown god.
  1072 | D:2      | Reached XP level 4. HP: 40/40 MP: 3/3
  1433 | D:3      | Found a sacrificial altar of Ru.
  1555 | D:3      | Slain by a gnoll

Illustrated notes

Levels and vault maps discovered:
D:1:      lemuel_arrival_lava_pool, layout_loops_ring, serial_bayou_lagoon_a
D:2:      layout_rooms, hellmonk_ecumenical_altar_blasted,
          kennysheep_big_empty_room
D:3:      layout_rooms, mainiacjoe_overflow_brackets, serial_shops, shop,
          minmay_puff, uniq_crazy_yiuf_cottage

Skill      XL: |  1  2  3  4 |
---------------+-------------+-----
Axes           | 3 4 |  4.3
Shields        | 4 |  4.3
Fighting       | 4 |  4.3
Armour         | 4 |  4.4

Action                     |  1- 3 |  4- 6 || total
---------------------------+-------+-------++-------
  Melee: War axe           |    84 |    30 ||   114
         Headbutt          |     6 |     7 ||    13
    Use: Scroll            |     5 |     2 ||     7
         Potion            |       |     1 ||     1
 Armour: Scale mail        |    54 |    19 ||    73
  Dodge: Dodged            |    45 |    16 ||    61
  Block: Buckler           |    36 |    28 ||    64
         Reflection        |     1 |       ||     1

Table legend: (Time is in decaauts)
 A = Elapsed time spent in this place.
 B = Non-inter-level travel time spent in this place.
 C = Inter-level travel time spent in this place.
 D = Time resting spent in this place.
 E = Time spent auto-exploring this place.
 F = Levels seen in this place.
 G = Mean time per level.
                   A        B        C        D        E       F      G
               +--------+--------+--------+--------+--------+-----+--------+
         Total |   1622 |   1582 |     40 |     41 |    939 |   3 |  540.7 |
       Dungeon |   1622 |   1582 |     40 |     41 |    939 |   3 |  540.7 |
               +--------+--------+--------+--------+--------+-----+--------+

Top non-repeatable levels by time:
     D:1: 790 daAuts
     D:2: 619 daAuts
     D:3: 212 daAuts
